 Dungeon Crawl Stone Soup version 0.18.1-6-gd335043 (webtiles) character file.

8239 GordonOverkill the Zephyrmancer (level 11, -3/74 HPs)
             Began as a Black Draconian Fire Elementalist on May 19, 2016.
             Was a Believer of Vehumet.
             Succumbed to a black mamba's poison
             ... on level 1 of the Lair of Beasts.
             The game lasted 01:02:15 (14417 turns).

GordonOverkill the Zephyrmancer (DrFE)             Turns: 14417, Time: 01:02:16

Health: -3/74      AC: 12    Str: 10    XL:     11   Next: 7%
Magic:  9/23       EV: 12    Int: 22    God:    Vehumet [**....]
Gold:   468        SH:  0    Dex: 11    Spells: 5 memorised, 8 levels left

rFire  . . .     SeeInvis +     n - +2 whip (elec)
rCold  . . .     Gourm    .     (armour unavailable)
rNeg   + . .     Faith    +     (no shield)
rPois  .         Spirit   .     g - +2 hat {SInv}
rElec  +         Dismiss  .     A - +0 cloak
rCorr  .         Reflect  .     (no gloves)
SustAt .         Harm     .     e - +1 pair of boots
MR     .....                    P - amulet of faith
Stlth  ++........               m - ring of positive energy
                                c - +2 ring of intelligence

@: lethally poisoned (-3 -> -42), not resistant to hostile enchantments,
unstealthy
A: breathe lightning, unfitting armour, electricity resistance, cold-blooded, AC
+7
a: Breathe Lightning, Renounce Religion


You were on level 1 of the Lair of Beasts.
You worshipped Vehumet.
Vehumet was pleased with you.
You were not hungry.

You visited 3 branches of the dungeon, and saw 11 of its levels.

You collected 468 gold pieces.

Inventory:

Hand Weapons
 n - a +2 whip of electrocution (weapon)
 q - a +1 dagger of flaming
 E - a +0 giant spiked club
Armour
 e - a +1 pair of boots (worn)
 g - a +2 hat of see invisible (worn)
 A - a +0 cloak (worn)
Jewellery
 c - a +2 ring of intelligence (left hand)
 m - a ring of positive energy (right hand)
 P - an amulet of faith (around neck)
Wands
 y - a wand of random effects (32/48)
 I - a wand of iceblast (7/15)
 J - a wand of paralysis (14/24)
 K - a wand of disintegration (7/24)
 L - a wand of disintegration (13/24)
 M - a wand of iceblast (4/15)
Scrolls
 d - 4 scrolls of remove curse
 h - 2 scrolls of teleportation
 w - a scroll of enchant weapon
 x - a scroll of blinking
 B - 2 scrolls of recharging
 C - 2 scrolls of fog
 D - a scroll of amnesia
Potions
 f - a potion of berserk rage
 j - a potion of mutation
 k - 2 potions of heal wounds {unknown}
 r - 3 potions of lignification {unknown}
 s - 3 potions of flight {unknown}
 t - 3 potions of brilliance {unknown}
 v - 5 potions of agility {unknown}
 z - a potion of invisibility {unknown}
 F - 2 potions of might {unknown}
 G - a potion of degeneration {unknown}
 H - a potion of cancellation {unknown}
 O - a potion of cure mutation {unknown}
Books
 a - a book of Flames

   Spells                             Type                      Level
   a - Flame Tongue                   Conjuration/Fire             1
   b - Throw Flame                    Conjuration/Fire             2
   c - Conjure Flame                  Conjuration/Fire             3
   d - Inner Flame                    Hexes/Fire                   3
   e - Sticky Flame                   Conjuration/Fire             4
   f - Fireball                       Conjuration/Fire             5
 u - a book of the Tempests

   Spells                             Type                      Level
   a - Static Discharge               Conjuration/Air              3
   b - Lightning Bolt                 Conjuration/Air              5
   c - Fireball                       Conjuration/Fire             5
   d - Tornado                        Air                          9
   e - Shatter                        Earth                        9
Comestibles
 b - 5 bread rations
 i - 17 fruits
 l - 4 slices of pizza
 o - 4 beef jerkies
 p - 3 meat rations
 N - a royal jelly


   Skills:
 - Level 1.7 Dodging
 - Level 1.7 Stealth
 - Level 8.0 Spellcasting
 - Level 10.0 Conjurations
 - Level 8.0 Fire Magic
 + Level 10.1 Air Magic


You had 8 spell levels left.
You knew the following spells:

 Your Spells              Type           Power        Failure   Level  Hunger
a - Flame Tongue          Conj/Fire      #####        1%          1    None
b - Conjure Flame         Conj/Fire      #####...     1%          3    None
c - Sticky Flame          Conj/Fire      #####...     1%          4    ###....
d - Lightning Bolt        Conj/Air       ######....   3%          5    #####..
e - Fireball              Conj/Fire      #####.....   6%          5    #####..


Dungeon Overview and Level Annotations

Branches:
Dungeon (9/15)             Temple (1/1) D:6            Lair (1/8) D:9
    Orc: D:9-12

Altars:
Ashenzari
Cheibriados
Dithmenos
Elyvilon
Fedhas
Gozag
Kikubaaqudgha
Makhleb
Nemelex Xobeh
Okawaru
Pakellas
Qazlal
Ru
Sif Muna
Trog
Vehumet
Xom
Yredelemnul
Zin
The Shining One

Shops:
D:4 :


Innate Abilities, Weirdness & Mutations

You can breathe wild blasts of lightning.
Your glossy black scales are hard (AC +7).
Your body does not fit into most forms of armour.
You are resistant to electric shocks.
You are cold-blooded and may be slowed by cold attacks.


Message History

The black mamba burns!
The black mamba stops burning.
The black mamba bites you!
* * * LOW HITPOINT WARNING * * *
The black mamba bites you!
* * * LOW HITPOINT WARNING * * *
You are more poisoned.
The black mamba poisons you!
* * * LOW HITPOINT WARNING * * *
You feel very sick. The black mamba barely misses you.
Unknown command.
Casting: Lightning Bolt
Confirm with . or Enter, or press ? or * to list all spells.
Aiming: Lightning Bolt
Press: ? - help, Shift-Dir - straight line, f/p - black mamba
Aim: a black mamba (severely wounded)
You hear a mighty clap of thunder!
The bolt of lightning hits the black mamba.
The black mamba is almost dead.
You die...

.....#.#...........####.....##
........#........#..#........####
.............#..##..........#.).#
####..........#..........##......
#.####.....##......#...#......
#................###..>.......
#.####.##.#.....####.......##.
####.# # #.##.S....##....###.#P
.....# #....@.....##.#.......
.....### #.....#.....#....#.....
.......# #.#...##...........#...
.....)#####.####.#P.#..........##
..P...#.P##..###.................
..........#....#...........###...
..............#........##...##(>#
..........P...........#####......
###.#.......###......###.##...#..


You could see a black mamba.

Vanquished Creatures
  Erolcha (D:9)
  The ghost of kotomi the Skirmisher, a novice MiBe of Trog (D:8)
  A hill giant (D:8)
  A gargoyle (D:8)
  Psyche (D:9)
  A komodo dragon (D:9)
  A two-headed ogre (D:7)
  Sigmund (D:2)
  2 wyverns (D:9)
  2 yaks (Lair:1)
  A basilisk (Lair:1)
  2 hippogriffs
  A steam dragon (D:9)
  2 water moccasins (Lair:1)
  A porcupine (Lair:1)
  A black bear (D:8)
  A sky beast (D:6)
  3 orc warriors
  An ice beast (D:6)
  8 ogres
  A necrophage (D:7)
  3 phantoms
  3 centaurs
  2 crocodiles (Lair:1)
  4 giant frogs
  2 scorpions
  3 wights (D:7)
  An electric eel (Lair:1)
  5 crimson imps
  A centaur zombie (D:6)
  2 hounds
  2 gnoll shamans (D:5)
  9 orc priests
  10 orc wizards
  2 giant frog skeletons
  Ijyb (D:3)
  3 iguanas
  5 worker ants
  A killer bee zombie (D:9)
  A hound skeleton (D:7)
  Robin (D:3)
  12 gnolls (D:5)
  11 adders
  A shadow imp (D:6)
  2 oozes
  An adder skeleton (D:4)
  5 worms
  4 dart slugs
  5 giant geckos
  37 orcs
  8 giant cockroaches
  16 goblins
  9 hobgoblins
  3 jackals (D:3)
  13 kobolds
  4 quokkas
  A ball python (D:1)
  6 bats
  2 giant gecko skeletons (D:5)
  2 giant newts (D:3)
  A jackal skeleton (D:5)
  A quokka skeleton (D:5)
  18 rats
  A butterfly (D:6)
258 creatures vanquished.

Vanquished Creatures (others)
  3 fungi (Lair:1)
  8 plants
11 creatures vanquished.

Grand Total: 269 creatures vanquished

Notes
Turn   | Place    | Note
--------------------------------------------------------------
     0 | D:1      | GordonOverkill the Draconian Fire Elementalist began the quest for the Orb.
     0 | D:1      | Reached XP level 1. HP: 14/14 MP: 3/3
   409 | D:1      | Reached XP level 2. HP: 20/20 MP: 0/5
  1088 | D:2      | Reached XP level 3. HP: 26/26 MP: 0/6
  1541 | D:2      | Learned a level 3 spell: Conjure Flame
  1805 | D:2      | Reached XP level 4. HP: 26/33 MP: 1/7
  2295 | D:2      | Noticed Sigmund
  2535 | D:2      | Killed Sigmund
  2535 | D:2      | Reached skill level 5 in Fire Magic
  2535 | D:2      | Reached XP level 5. HP: 15/38 MP: 3/8
  3092 | D:3      | Reached XP level 6. HP: 45/45 MP: 4/9
  3218 | D:3      | Noticed Ijyb
  3228 | D:3      | Killed Ijyb
  3722 | D:3      | Noticed Robin
  3728 | D:3      | Killed Robin
  4467 | D:3      | Learned a level 4 spell: Sticky Flame
  4665 | D:4      | Found an oddly glowing altar of Pakellas.
  4721 | D:4      | Your scales start taking on a glossy black colour.
  4721 | D:4      | Reached XP level 7. HP: 47/50 MP: 3/10
  4721 | D:4      | Gained mutation: You are resistant to electric shocks. [Black Draconian growth]
  4932 | D:4      | Found a white marble altar of Elyvilon.
  4971 | D:4      | Found Pujap's Book Emporium.
  5322 | D:4      | Found an opulent altar of Gozag.
  5695 | D:5      | Entered Level 5 of the Dungeon
  5856 | D:4      | Reached skill level 5 in Conjurations
  5947 | D:5      | Reached XP level 8. HP: 57/57 MP: 3/11
  7455 | D:6      | Found a shattered altar of Ashenzari.
  7455 | D:6      | Found a burning altar of Makhleb.
  7663 | D:6      | Found a bloodstained altar of Trog.
  7952 | D:6      | Reached XP level 9. HP: 62/62 MP: 7/12
  8013 | D:6      | Found a shimmering altar of Xom.
  8377 | D:6      | Found a staircase to the Ecumenical Temple.
  8386 | Temple   | Entered the Ecumenical Temple
  8612 | Temple   | Became a worshipper of Vehumet
  8986 | D:7      | Found a shattered altar of Ashenzari.
  8993 | D:7      | Saw a vision of the Shoals and the Snake Pit.
  8993 | D:7      | Noticed a black mamba
  8993 | D:7      | Noticed a black mamba
  8993 | D:7      | Noticed a black mamba
  8993 | D:7      | Noticed a naga warrior
  8993 | D:7      | Noticed a sea snake
  8993 | D:7      | Noticed a merfolk
  8993 | D:7      | Noticed a merfolk
  8994 | D:7      | Noticed a siren
  9360 | D:7      | Reached skill level 10 in Conjurations
  9405 | D:7      | Learned a level 5 spell: Lightning Bolt
  9743 | D:7      | Reached * piety under Vehumet
  9743 | D:7      | Offered knowledge of Sting by Vehumet.
 10185 | D:7      | Reached skill level 5 in Spellcasting
 11042 | D:8      | Noticed kotomi's ghost (novice MiBe)
 11127 | D:8      | Noticed a hill giant
 11143 | D:8      | Killed a hill giant
 11143 | D:8      | Reached XP level 10. HP: 49/69 MP: 11/20
 11451 | D:8      | Learned a level 5 spell: Fireball
 11494 | D:8      | Noticed a gargoyle
 11508 | D:8      | Killed a gargoyle
 11836 | D:7      | Reached skill level 1 in Air Magic
 12116 | D:8      | Killed kotomi's ghost
 12449 | D:9      | Reached skill level 5 in Air Magic
 12503 | D:9      | Noticed Erolcha
 12506 | D:9      | Killed Erolcha
 12514 | D:9      | Noticed Psyche
 12522 | D:9      | Killed Psyche
 12522 | D:9      | Offered knowledge of Throw Frost by Vehumet.
 12525 | D:9      | Found an oddly glowing altar of Pakellas.
 12823 | D:9      | Found a basalt altar of Yredelemnul.
 13064 | D:9      | Found a staircase to the Lair.
 13124 | D:9      | Found a white marble altar of Elyvilon.
 13471 | Lair:1   | Entered Level 1 of the Lair of Beasts
 13558 | Lair:1   | Reached ** piety under Vehumet
 13849 | Lair:1   | Reached XP level 11. HP: 74/74 MP: 17/23
 14024 | Lair:1   | Reached skill level 10 in Air Magic
 14416 | Lair:1   | HP: 1/74 [poisoned by a black mamba]
 14417 | Lair:1   | Succumbed to a black mamba's poison

Skill      XL: |  1  2  3  4  5  6  7  8  9 10 11 |
---------------+----------------------------------+-----
Conjurations   | 2 3 4 5 9 10 | 10.0
Fire Magic     | 5 6 8 |  8.0
Spellcasting   | 7 8 |  8.0
Air Magic      | 9 10 | 10.1
Dodging        | |  1.7
Stealth        | |  1.7

Action                   |  1- 3 |  4- 6 |  7- 9 | 10-12 || total
-------------------------+-------+-------+-------+-------++-------
Melee: Unarmed           |     4 |       |       |       ||     4
       Short sword       |     4 |       |       |       ||     4
       Dagger            |       |    75 |    97 |       ||   172
       Tailslap          |       |     7 |    20 |     9 ||    36
       Flail             |       |     2 |     2 |       ||     4
       Whip              |       |       |   140 |    71 ||   211
 Cast: Flame Tongue      |    69 |   142 |   107 |    30 ||   348
       Sticky Flame      |       |       |    47 |    24 ||    71
       Fireball          |       |       |       |    12 ||    12
       Lightning Bolt    |       |       |       |     8 ||     8
Evoke: Wand              |       |       |       |     3 ||     3
  Use: Scroll            |       |     8 |     8 |     6 ||    22
  Eat: Chunk             |     4 |    11 |    25 |     8 ||    48
       Meat ration       |       |       |     1 |     2 ||     3
Armor: Skin              |     9 |    57 |   123 |    31 ||   220
Dodge: Dodged            |    21 |   100 |   166 |    69 ||   356
